AoeStats
← TIMVP

Arena

509998123Analyzed
2v2 RM · 2d ago on Sep 29, 2026· 52m 9s· 4 players
Game mode
Random Map
Map size
Medium (4 player)
Population
200
Speed
Normal
Resources
Standard
Victory
Conquest
Starting age
Dark Age
Ending age
Imperial Age
RankedLock teamsTeams togetherTeam positionsShared explorationLock speedFull tech treeHidden civsTurbo modeCheats
Victory
Defeat
🇵🇪 Romans · Peru
755
+14
🇵🇪 Malians · Peru
738
+15
🇨🇦 Ethiopians · Canada
731
-15
🇵🇪 Portuguese · Peru
693
-14
maxhell
11:04 Feudal Age
12:24 Wheelbarrow
11:36 Double-Bit Axe
11:33 Horse Collar
18:18 Castle Age
17:25 Stone Mining
20:10 Hand Cart
22:31 Heavy Plow
23:54 Bow Saw
27:47 Scale Mail Armor
29:48 Gold Mining
30:37 Stone Shaft Mining
30:24 Chain Mail Armor
34:32 Gold Shaft Mining
37:30 Imperial Age
34:51 Town Watch
36:35 Forging
36:45 Town Patrol
37:34 Crossbowman
40:06 Two-Man Saw
40:33 Padded Archer Armor
40:23 Fletching
41:08 Arbalester
43:29 Chemistry
43:25 Leather Archer Armor
46:20 Thumb Ring
46:34 Bodkin Arrow
47:09 Ring Archer Armor
47:53 Halberdier
48:34 Squires
52:41 Plate Mail Armor
52:46 Iron Casting
52:11 Arson
Yuls37
0:28 Loom
11:10 Feudal Age
20:01 Castle Age
19:08 Double-Bit Axe
19:08 Horse Collar
19:22 Stone Mining
28:17 Circumnavigation
28:24 Heavy Plow
34:58 Imperial Age
32:02 Pikeman
33:47 Masonry
33:33 Murder Holes
35:00 Ballistics
35:39 Fortified Wall
36:28 Wheelbarrow
35:38 Town Watch
36:16 Elite Organ Gun
38:19 Chemistry
38:29 Architecture
37:39 Capped Ram
39:41 Crop Rotation
40:12 Gold Mining
40:42 Hand Cart
40:28 Town Patrol
43:13 Arquebus
44:07 Halberdier
46:18 Stone Shaft Mining
46:56 Bow Saw
49:57 Onager
A†ilA
11:36 Feudal Age
12:57 Wheelbarrow
12:37 Double-Bit Axe
15:05 Horse Collar
18:03 Loom
18:44 Town Watch
22:23 Castle Age
22:32 Forging
22:23 Scale Mail Armor
23:51 Hand Cart
25:42 Fletching
28:48 Bodkin Arrow
31:42 Imperial Age
37:18 Conscription
37:33 Elite Skirmisher
38:35 Crossbowman
42:25 Ballistics
42:41 Husbandry
42:51 Bloodlines
43:41 Cavalier
48:13 Chemistry
52:33 Bloodlines
52:43 Bloodlines
TIMVP
11:03 Feudal Age
11:28 Double-Bit Axe
12:39 Wheelbarrow
12:03 Horse Collar
16:53 Stone Mining
19:13 Castle Age
17:53 Loom
22:27 Scale Mail Armor
22:59 Man-at-Arms
23:56 Heavy Plow
26:05 Long Swordsman
32:20 Imperial Age
31:17 Gold Mining
31:19 Stone Mining
36:24 Conscription
37:01 Chain Mail Armor
36:57 Forging
37:58 Ballistics
38:36 Gold Shaft Mining
38:28 Legionary
39:16 Scale Barding Armor
40:28 Ballistas
41:02 Chain Barding Armor
42:10 Heavy Scorpion
45:00 Chemistry
47:21 Elite Centurion
48:06 Husbandry
48:16 Bloodlines
47:27 Light Cavalry
Connection lost

Rejoining the realm…

Still unreachable

The connection could not be restored.

Session expired

The server has moved on; the page needs a fresh start.